[Event "Titled Tuesday Blitz August 15 Late 2023"]
[White "Hakobyan, Aram"]
[Black "Yeritsyan, Hayk"]
[WhiteFideId "13306677"]
[BlackFideId "13307320"]
[WhiteElo "2966"]
[BlackElo "2472"]
[Result "1-0"]
[Round "1"]
[TimeControl "180+1"]
[Date "2023.08.15"]
[WhiteClock "0:00:28"]
[BlackClock "0:00:01"]
[Board "24"]

1. d4 d5 2. c4 e6 3. Nf3 Nf6 4. g3 Be7 5. Bg2 O-O 6. Qc2 c6 7. Bf4 Nbd7 8. Nbd2 b6 9. O-O Ba6 10. Rac1 Rc8 11. Rfd1 Bb7 12. Qa4 a6 13. cxd5 cxd5 14. e3 Rxc1 15. Rxc1 Qa8 16. Rc7 Rc8 17. Qc2 Rxc7 18. Qxc7 Qc8 19. Qxc8+ Bxc8 20. Bf1 h6 21. h4 Ne8 22. Bd3 Bd6 23. Kf1 Kf8 24. Ke2 Ke7 25. g4 Bxf4 26. exf4 g6 27. Ne5 Nxe5 28. fxe5 g5 29. Nf3 f6 30. exf6+ Kxf6 31. hxg5+ hxg5 32. Ne5 Nd6 33. Ke3 Nf7 34. f4 Nxe5 35. dxe5+ Kg7 36. f5 a5 37. f6+ Kf8 38. Bb5 Kf7 39. Kd4 Bb7 40. Be2 Bc8 41. Kc3 Bd7 42. b4 Bc6 43. bxa5 bxa5 44. Kd4 Bd7 45. Kc5 Be8 46. Bb5 Bxb5 47. Kxb5 d4 48. Kc4 a4 49. Kd3 a3 50. Kxd4 Kg6 51. Kc3 Kh7 52. Kb3 Kg8 53. Kxa3 Kh7 54. Kb3 1-0


[Site "https://www.chess.com"]

[Event "Titled Tuesday Blitz August 15 Late 2023"]
[White "Shubenkova, Veronika"]
[Black "Svane, Rasmus"]
[WhiteFideId "44124040"]
[BlackFideId "4657101"]
[WhiteElo "2472"]
[BlackElo "2958"]
[Result "0-1"]
[Round "1"]
[TimeControl "180+1"]
[Date "2023.08.15"]
[WhiteClock "0:01:31"]
[BlackClock "0:01:07"]
[Board "25"]

1. c4 e6 2. Nc3 d5 3. cxd5 exd5 4. d4 c6 5. e3 Nf6 6. Nf3 Bf5 7. Bd3 Bxd3 8. Qxd3 Bd6 9. O-O O-O 10. e4 dxe4 11. Nxe4 Nxe4 12. Qxe4 Re8 13. Qd3 Nd7 14. Bg5 Be7 15. h4 h6 16. Bxe7 Rxe7 17. Rae1 Nf6 18. Rxe7 Qxe7 19. Re1 Qd6 20. Qf5 Rd8 21. g4 Qd7 22. Qxd7 Nxd7 23. g5 hxg5 24. Nxg5 f6 25. Nf3 Kf7 26. Kg2 Nf8 27. Kg3 Ne6 28. Rd1 Rd5 29. Kg4 g6 30. Rd2 a5 31. Kg3 a4 32. Kg2 Ke7 33. Kf1 Kd6 34. Ke2 Rf5 35. Ke3 Nf4 36. b3 Nd5+ 37. Ke2 a3 38. Rc2 b5 39. Rc1 b4 40. Nd2 Nc3+ 41. Ke3 Nxa2 42. Rc4 Nc3 43. Rxb4 Nd5+ 0-1


[Site "https://www.chess.com"]

[Event "Titled Tuesday Blitz August 15 Late 2023"]
[White "Kramnik, Vladimir"]
[Black "Merino Garcia, Rafael II"]
[WhiteFideId "4101588"]
[BlackFideId "2209128"]
[WhiteElo "2957"]
[BlackElo "2471"]
[Result "0-1"]
[Round "1"]
[TimeControl "180+1"]
[Date "2023.08.15"]
[WhiteClock "0:00:00"]
[BlackClock "0:00:06"]
[Board "26"]

1. c4 Nf6 2. Nc3 e6 3. Nf3 d5 4. e3 Nbd7 5. b3 Be7 6. Bb2 O-O 7. Qc2 b6 8. cxd5 exd5 9. Be2 Bb7 10. O-O Re8 11. Rad1 a6 12. Qb1 Bd6 13. d3 Qe7 14. Rfe1 Ne5 15. d4 Nxf3+ 16. Bxf3 Ne4 17. Bxe4 dxe4 18. d5 Qe5 19. g3 Qh5 20. Rd2 Bb4 21. Qd1 Qh3 22. a3 Bd6 23. Ne2 Bc8 24. Kh1 Bg4 25. Ng1 Qh5 26. Qc2 b5 27. b4 Bf3+ 28. Nxf3 exf3 29. Rd4 Qh3 30. Rg1 Qh5 31. Rh4 Qg6 32. Qxg6 hxg6 33. Bc3 Be5 34. Bxe5 Rxe5 35. Rd1 a5 36. Rf4 Rf5 37. Rxf5 gxf5 38. h3 g5 39. g4 fxg4 40. hxg4 axb4 41. axb4 Ra4 42. Rd4 Ra2 43. Kg1 Rc2 44. d6 cxd6 45. Rd5 Rc4 46. Rxg5+ Kf8 47. Rxb5 Rxg4+ 48. Kf1 Rc4 49. Ke1 Rc2 50. Rf5 Rb2 0-1


[Site "https://www.chess.com"]

[Event "Titled Tuesday Blitz August 15 Late 2023"]
[White "Mackster23"]
[Black "Elsa167"]
[WhiteElo "2469"]
[BlackElo "2946"]
[Result "0-1"]
[Round "1"]
[TimeControl "180+1"]
[Date "2023.08.15"]
[WhiteClock "0:00:07"]
[BlackClock "0:01:05"]
[Board "27"]

1. e4 e6 2. d4 d5 3. Nc3 Bb4 4. e5 c5 5. a3 Bxc3+ 6. bxc3 Ne7 7. Qg4 Qc7 8. Bd3 Qa5 9. Bd2 c4 10. Be2 Nf5 11. Qf4 Nc6 12. h4 Qa4 13. Bd1 Bd7 14. g4 Nfe7 15. Nh3 h6 16. h5 Rf8 17. g5 hxg5 18. Nxg5 Nf5 19. Ra2 O-O-O 20. Bg4 Nce7 21. Ke2 Qa5 22. Nf3 f6 23. exf6 gxf6 24. h6 Rf7 25. Nh4 Nxh4 26. Rxh4 Ng6 27. Qh2 Nxh4 28. Qxh4 Qc7 29. Bh5 Rff8 30. h7 e5 31. Bg6 Rh8 32. Qxf6 exd4 33. cxd4 c3 34. Bf4 Qc4+ 35. Kf3 Rdf8 36. Qe5 Rxf4+ 37. Kxf4 Rf8+ 38. Kg3 Qf1 39. h8=Q Qxf2# 0-1


[Site "https://www.chess.com"]

[Event "Titled Tuesday Blitz August 15 Late 2023"]
[White "Dinu, Dumitru-Daniel"]
[Black "Sjugirov, Sanan"]
[WhiteFideId "1208403"]
[BlackFideId "4189302"]
[WhiteElo "2466"]
[BlackElo "2941"]
[Result "1-0"]
[Round "1"]
[TimeControl "180+1"]
[Date "2023.08.15"]
[WhiteClock "0:00:20"]
[BlackClock "0:00:03"]
[Board "29"]

1. Nf3 Nf6 2. c4 b6 3. g3 Bb7 4. Bg2 c5 5. O-O g6 6. b3 Bg7 7. Bb2 O-O 8. d3 d6 9. Nbd2 Nc6 10. Rc1 e5 11. Ng5 h6 12. Nge4 Ne8 13. f4 f5 14. Nc3 exf4 15. Rxf4 Nc7 16. Rb1 Kh7 17. Nd5 Bxb2 18. Rxb2 Ne6 19. Rf1 Rf7 20. e3 Qh8 21. Rc2 Raf8 22. Nf3 Nc7 23. Ne1 Nxd5 24. Bxd5 Re7 25. Re2 Rfe8 26. Ng2 Qc3 27. Rc2 Qe5 28. Re2 h5 29. Ree1 Qc3 30. Rf2 Ne5 31. Bxb7 Rxb7 32. d4 cxd4 33. exd4 Ng4 34. Rxe8 Nxf2 35. Kxf2 b5 36. Re3 Qa5 37. Qe1 Qxa2+ 38. Re2 Qxb3 39. Re7+ Rxe7 40. Qxe7+ Kh6 41. Qf8+ Kh7 42. Qe7+ Kh6 43. Qe3+ Qxe3+ 44. Nxe3 b4 45. c5 dxc5 46. dxc5 1-0


[Site "https://www.chess.com"]

[Event "Titled Tuesday Blitz August 15 Late 2023"]
[White "Keymer, Vincent"]
[Black "Bobkov, Vadim"]
[WhiteFideId "12940690"]
[BlackFideId "34110876"]
[WhiteElo "2936"]
[BlackElo "2463"]
[Result "1-0"]
[Round "1"]
[TimeControl "180+1"]
[Date "2023.08.15"]
[WhiteClock "0:01:38"]
[BlackClock "0:00:02"]
[Board "30"]

1. a3 d5 2. Nf3 c5 3. b4 cxb4 4. axb4 e6 5. b5 Nf6 6. e3 Bd6 7. c4 O-O 8. Bb2 a6 9. Be2 Nbd7 10. O-O Qc7 11. cxd5 Nxd5 12. d4 N7b6 13. Nbd2 axb5 14. Rxa8 Nxa8 15. Bxb5 Nc3 16. Bxc3 Qxc3 17. Ne4 Qc7 18. Qb1 Bd7 19. Rc1 Bc6 20. Bxc6 bxc6 21. Nxd6 Qxd6 22. Ng5 f5 23. Qa2 Nc7 24. Qc2 h6 25. Nf3 Ra8 26. h3 Ra6 27. Ne5 c5 28. Qxc5 Qxc5 29. Rxc5 Nd5 30. g4 fxg4 31. hxg4 Ra1+ 32. Kg2 Ra2 33. Kf3 Kh7 34. Rc6 Nb4 35. Rxe6 Nc2 36. Re8 Ne1+ 37. Kg3 Rb2 38. d5 Rd2 39. e4 Nd3 40. Nxd3 Rxd3+ 41. Kf4 Rd2 42. f3 Kg6 43. Ke5 Kf7 44. Rb8 1-0


[Site "https://www.chess.com"]

[Event "Titled Tuesday Blitz August 15 Late 2023"]
[White "Avila Rodriguez, Joshua Ad"]
[Black "Zhigalko, Sergei"]
[WhiteFideId "5126444"]
[BlackFideId "13502956"]
[WhiteElo "2460"]
[BlackElo "2931"]
[Result "0-1"]
[Round "1"]
[TimeControl "180+1"]
[Date "2023.08.15"]
[WhiteClock "0:00:01"]
[BlackClock "0:00:05"]
[Board "31"]

1. e4 c5 2. Nf3 Nc6 3. d4 cxd4 4. Nxd4 Nf6 5. Nc3 e5 6. Ndb5 d6 7. Bg5 a6 8. Na3 b5 9. Nab1 Be7 10. Bxf6 Bxf6 11. Nd5 O-O 12. Be2 Bg5 13. a4 b4 14. O-O Be6 15. Nd2 Bxd5 16. exd5 Nd4 17. Bd3 f5 18. f3 Bf4 19. Re1 a5 20. c3 bxc3 21. bxc3 Bxd2 22. Qxd2 Nb3 23. Qc2 Nxa1 24. Rxa1 g6 25. Kh1 Rb8 26. Bb5 Qb6 27. Re1 Qc5 28. Qd2 Rb7 29. c4 Ra7 30. h4 Qb6 31. h5 Qd8 32. Kg1 Qh4 33. h6 Rc8 34. Rc1 Qf6 35. Qe3 Rac7 36. Qb6 e4 37. Qxa5 exf3 38. gxf3 Qg5+ 39. Kf2 Qxc1 40. Qb4 Qf4 41. Qc3 Qe5 42. Qd3 Re7 43. a5 Qh2+ 44. Kf1 Qh1+ 45. Kf2 Qe1+ 46. Kg2 Re2+ 47. Kh3 Qh1+ 48. Kg3 Qh2# 0-1


[Site "https://www.chess.com"]

[Event "Titled Tuesday Blitz August 15 Late 2023"]
[White "Villiers, Thomas"]
[Black "Dardha, Daniel"]
[WhiteFideId "427209"]
[BlackFideId "240990"]
[WhiteElo "2459"]
[BlackElo "2924"]
[Result "0-1"]
[Round "1"]
[TimeControl "180+1"]
[Date "2023.08.15"]
[WhiteClock "0:01:33"]
[BlackClock "0:01:33"]
[Board "33"]

1. c4 e6 2. Nf3 d5 3. g3 Nf6 4. Bg2 Nbd7 5. b3 Bd6 6. Bb2 O-O 7. O-O c6 8. Nc3 a6 9. d3 b5 10. cxd5 cxd5 11. Rc1 Bb7 12. Qc2 Rc8 13. Qb1 e5 14. Nh4 Re8 15. Nf5 Bf8 16. e4 d4 17. Nd5 Nxd5 18. exd5 g6 19. Nh4 Nf6 20. Rxc8 Qxc8 21. Rc1 Qd7 22. a4 Nxd5 23. axb5 axb5 24. Nf3 Nb4 25. Nd2 Bxg2 26. Kxg2 Rc8 27. Ne4 Rxc1 28. Bxc1 Qc6 29. f3 f5 30. Nf2 Qc2 31. Qxc2 Nxc2 32. f4 exf4 33. Bxf4 Na1 34. Be5 Nxb3 35. g4 Kf7 36. gxf5 gxf5 37. Kf3 Ke6 38. Bh8 Bh6 39. Nh3 Kd5 40. Nf4+ Bxf4 41. Kxf4 Nc5 42. Kxf5 b4 43. Kg5 b3 44. Bxd4 Ne6+ 45. Kh6 Nxd4 46. Kxh7 b2 47. h4 b1=Q 48. h5 Qxd3+ 0-1


[Site "https://www.chess.com"]

[Event "Titled Tuesday Blitz August 15 Late 2023"]
[White "Kazakouski, Valery"]
[Black "Baches Garcia, Guillermo"]
[WhiteFideId "13507443"]
[BlackFideId "2209764"]
[WhiteElo "2923"]
[BlackElo "2459"]
[Result "1-0"]
[Round "1"]
[TimeControl "180+1"]
[Date "2023.08.15"]
[WhiteClock "0:00:06"]
[BlackClock "0:00:00"]
[Board "34"]

1. Nf3 d5 2. c4 e6 3. b3 Nf6 4. g3 Bd6 5. Bb2 O-O 6. Bg2 Re8 7. O-O dxc4 8. bxc4 e5 9. Nc3 c6 10. d3 Na6 11. Nd2 Nc5 12. Qc2 Qe7 13. Nb3 Bg4 14. h3 Bh5 15. e3 Rad8 16. Rfe1 Bg6 17. Rad1 h5 18. Qe2 Nfd7 19. Rd2 Nb6 20. Red1 Nba4 21. Nxa4 Nxa4 22. Ba1 h4 23. g4 Bb4 24. Rc2 e4 25. dxe4 Rxd1+ 26. Qxd1 Rd8 27. Qf3 Nc5 28. Nxc5 Bxc5 29. Bc3 Bd6 30. Rd2 Bc7 31. Rxd8+ Qxd8 32. Qe2 Qe7 33. Qc2 Qc5 34. Bd4 Qb4 35. Qe2 Qb1+ 36. Qf1 Bxe4 37. Qxb1 Bxb1 38. a3 a5 39. Bf1 Be4 40. Bb2 Bd6 41. f4 Bc5 42. Kf2 g6 43. Be2 f5 44. g5 Kf7 45. Bf3 Bd3 46. Be2 Be4 47. Bf1 Ke6 48. Ke2 Kd6 49. Kd2 Kc7 50. Bc1 Bd6 51. Bb2 Kb6 52. Bd4+ c5 53. Bc3 Ka6 54. Ke1 b6 55. Kf2 Kb7 56. Bg2 Bxg2 57. Kxg2 Kc6 58. a4 Bc7 59. Kf3 Kd7 60. e4 fxe4+ 61. Kxe4 Ke6 62. Be5 Bd8 63. Bb8 Kd7 64. Kd5 Be7 65. Be5 Bd8 66. Bf6 Bc7 67. f5 gxf5 68. g6 Bd6 69. g7 Bf8 70. gxf8=Q 1-0


[Site "https://www.chess.com"]

[Event "Titled Tuesday Blitz August 15 Late 2023"]
[White "Spichkin, Alexander"]
[Black "Eljanov, Pavel"]
[WhiteFideId "4144074"]
[BlackFideId "14102951"]
[WhiteElo "2455"]
[BlackElo "2903"]
[Result "0-1"]
[Round "1"]
[TimeControl "180+1"]
[Date "2023.08.15"]
[WhiteClock "0:01:29"]
[BlackClock "0:01:45"]
[Board "35"]

1. f4 d5 2. Nf3 g6 3. e3 Bg7 4. Be2 c5 5. O-O Nc6 6. d3 Nf6 7. Kh1 O-O 8. a4 Re8 9. Ne5 Qc7 10. Nxc6 bxc6 11. Qe1 e5 12. Qh4 e4 13. g4 exd3 14. cxd3 c4 15. g5 cxd3 16. gxf6 dxe2 17. Re1 Bh8 18. Bd2 d4 19. Rxe2 Ba6 20. Re1 c5 21. Na3 Qc6+ 22. Kg1 Bb7 23. Qg3 Bxf6 24. Nb5 Bh4 25. Qg4 Qh1# 0-1


[Site "https://www.chess.com"]

[Event "Titled Tuesday Blitz August 15 Late 2023"]
[White "Zierk, Steven"]
[Black "brm72"]
[WhiteFideId "2034255"]
[WhiteElo "2899"]
[BlackElo "2454"]
[Result "0-1"]
[Round "1"]
[TimeControl "180+1"]
[Date "2023.08.15"]
[WhiteClock "0:00:01"]
[BlackClock "0:00:07"]
[Board "36"]

1. e4 c5 2. Nf3 Nc6 3. Bb5 e5 4. O-O Nge7 5. c3 g6 6. d4 exd4 7. cxd4 cxd4 8. Nxd4 Bg7 9. Be3 O-O 10. Nc3 d5 11. Bxc6 bxc6 12. exd5 Nxd5 13. Nxc6 Nxe3 14. Qxd8 Rxd8 15. Nxd8 Nxf1 16. Rxf1 Rb8 17. Nc6 Rxb2 18. Nd1 Rc2 19. Ne7+ Kf8 20. Ne3 Rc5 21. Nxc8 Rxc8 22. Rd1 Ke7 23. Kf1 Rb8 24. Nc4 Rb4 25. Rc1 Bd4 26. Ke2 Ke6 27. f3 Kd5 28. Kd3 f5 29. g4 fxg4 30. fxg4 Rb7 31. Rf1 Rc7 32. Rf8 Bc5 33. Rd8+ Ke6 34. Ke4 Be7 35. Rd4 Bf6 36. a4 Bxd4 37. Kxd4 Rf7 38. Ke3 Kd5 39. Nd2 Rb7 40. Kf4 Rb4+ 41. Kg5 Rxa4 42. h4 Rd4 43. Nb3 Rb4 44. Nc1 a5 45. h5 gxh5 46. gxh5 a4 47. Nd3 Rb7 48. Nc1 Kc4 49. Kh6 Kc3 50. Ne2+ Kc2 51. Nd4+ Kb2 52. Ne6 a3 53. Nc5 Ra7 54. Nd3+ Kc3 55. Nc1 Kc2 56. Na2 Kb3 57. Nc1+ Kc2 58. Na2 Rb7 59. Kg5 Kb2 0-1


[Site "https://www.chess.com"]

[Event "Titled Tuesday Blitz August 15 Late 2023"]
[White "Olsson, William"]
[Black "Grigorjev, Iljya"]
[WhiteFideId "1741721"]
[BlackFideId "24159565"]
[WhiteElo "2454"]
[BlackElo "2894"]
[Result "0-1"]
[Round "1"]
[TimeControl "180+1"]
[Date "2023.08.15"]
[WhiteClock "0:00:39"]
[BlackClock "0:00:25"]
[Board "37"]

1. c4 Nf6 2. g3 d5 3. cxd5 Nxd5 4. Bg2 g6 5. d4 Nb6 6. Nc3 Bg7 7. Nf3 O-O 8. O-O Nc6 9. d5 Na5 10. e4 c6 11. Bd2 cxd5 12. Nxd5 Nxd5 13. exd5 Qxd5 14. Bb4 Qxd1 15. Raxd1 Nc6 16. Bc3 Bxc3 17. bxc3 Be6 18. Nd4 Bxa2 19. Nxc6 bxc6 20. Bxc6 Rac8 21. Bd5 Bxd5 22. Rxd5 Rfd8 23. Rfd1 Rxd5 24. Rxd5 Rc7 25. Ra5 Kg7 26. h4 Kf6 27. Kg2 e5 28. c4 h5 29. Kf3 Kf5 30. Ke3 f6 31. Ra6 Rxc4 32. Rxa7 Rc3+ 33. Ke2 Kg4 34. Rf7 Rc6 35. Kf1 Kf3 36. Kg1 f5 37. Rg7 e4 38. Rg8 Rc1+ 39. Kh2 Kxf2 40. Rxg6 e3 41. Rf6 Rc5 42. g4 e2 43. Re6 e1=Q 0-1


[Site "https://www.chess.com"]

[Event "Titled Tuesday Blitz August 15 Late 2023"]
[White "Moskalenko, Alexander"]
[Black "Ankerst, Mihael"]
[WhiteFideId "4155351"]
[BlackFideId "14602369"]
[WhiteElo "2893"]
[BlackElo "2453"]
[Result "1/2-1/2"]
[Round "1"]
[TimeControl "180+1"]
[Date "2023.08.15"]
[WhiteClock "0:01:07"]
[BlackClock "0:00:06"]
[Board "38"]

1. Nf3 Nf6 2. g3 g6 3. b3 Bg7 4. Bb2 a5 5. a4 d5 6. d4 O-O 7. Bg2 Bf5 8. O-O c6 9. c4 Na6 10. Nc3 Ne4 11. Nh4 Nxc3 12. Bxc3 Be4 13. f3 Bf5 14. Nxf5 gxf5 15. Qc2 dxc4 16. Rad1 cxb3 17. Qxf5 c5 18. dxc5 Qc8 19. Qg5 Qxc5+ 20. Qxc5 Nxc5 21. Bxg7 Kxg7 22. Rb1 b5 23. axb5 a4 24. Rfc1 a3 25. Rxc5 a2 26. Rcc1 Rfb8 27. Rxb3 a1=Q 28. Rxa1 Rxa1+ 29. Kf2 Rb6 30. f4 Rc1 31. Be4 e6 32. Bd3 f5 33. Ra3 Rc7 34. Ra8 Rcb7 35. h3 Rc7 36. g4 fxg4 37. hxg4 h6 38. Kg3 Rd7 39. Rc8 Rdb7 40. Kf3 Rd7 41. Ke4 Kf6 42. Rh8 Kg7 43. Rc8 Kf6 44. Ke3 Rd5 45. Rh8 Kg7 46. Rh7+ Kf8 47. Bc4 Rc5 48. Kd4 Rcxb5 49. Bxb5 Rxb5 50. Rxh6 e5+ 51. fxe5 Rb4+ 52. Kd5 Rxg4 53. Kd6 Ra4 54. Rh8+ Kg7 55. Rc8 Ra6+ 56. Rc6 Ra2 57. e4 Ra4 58. Kd5 Ra5+ 59. Ke6 Kg6 60. Kd7+ Kg7 61. e6 Re5 62. Rc7 Kf6 63. Rc6 Rxe4 64. Rd6 Re3 65. Ra6 Re4 66. Ra2 Rd4+ 67. Kc6 Kxe6 68. Re2+ Kf5 69. Kc5 Re4 70. Rxe4 Kxe4 1/2-1/2


[Site "https://www.chess.com"]

[Event "Titled Tuesday Blitz August 15 Late 2023"]
[White "Arencibia Monduy, Antonio"]
[Black "Ibarra Jerez, Jose Carlos"]
[WhiteFideId "3507939"]
[BlackFideId "2226332"]
[WhiteElo "2452"]
[BlackElo "2893"]
[Result "1-0"]
[Round "1"]
[TimeControl "180+1"]
[Date "2023.08.15"]
[WhiteClock "0:00:30"]
[BlackClock "0:00:02"]
[Board "39"]

1. e4 c5 2. Nf3 Nc6 3. c3 Nf6 4. e5 Nd5 5. d4 cxd4 6. cxd4 d6 7. exd6 Qxd6 8. Nc3 g6 9. Be2 Bg7 10. O-O O-O 11. h3 b6 12. Bg5 Bb7 13. Qd2 Rfd8 14. Rfd1 Rac8 15. Rac1 a6 16. a3 Na5 17. Nxd5 Qxd5 18. Rxc8 Rxc8 19. Bxe7 Nb3 20. Qg5 Nxd4 21. Nxd4 Qa2 22. Qd2 Re8 23. Bg5 h6 24. Be3 Rd8 25. Qc3 Rc8 26. Qb3 Qxb3 27. Nxb3 Bxb2 28. Bxb6 Bxa3 29. Rd8+ Rxd8 30. Bxd8 Bb4 31. Na5 Bc8 32. Nc6 Bd6 33. Ne7+ Bxe7 34. Bxe7 Kg7 35. Bc4 g5 36. Kf1 a5 37. Ke2 Bd7 38. Ke3 Bc6 39. g3 f6 40. Bd3 Bd7 41. h4 Kf7 42. Bd8 a4 43. Bc4+ Kg6 44. hxg5 fxg5 45. Be7 h5 46. f4 gxf4+ 47. gxf4 Kf5 48. Be2 Be8 49. Ba3 Bf7 50. Bf3 Be8 51. Be7 Bf7 52. Bc6 Kg4 53. Bd7+ Kg3 54. Bxa4 h4 55. f5 h3 56. Bd6+ Kg4 57. Bd7 Bg8 58. Kf2 Kg5 59. Kg3 Bh7 60. Bf4+ Kf6 61. Kg4 Bg8 62. Kxh3 Bb3 63. Kg4 Bd1+ 64. Kg3 Bc2 65. Kg4 Bd1+ 66. Kh4 Bc2 67. Bg5+ Ke5 68. f6 Bg6 69. Bg4 Kd6 70. Bh5 Be8 71. Bxe8 1-0


[Site "https://www.chess.com"]

[Event "Titled Tuesday Blitz August 15 Late 2023"]
[White "Rasulov, Vugar"]
[Black "Jakic, Ivan"]
[WhiteFideId "13402390"]
[BlackFideId "14504901"]
[WhiteElo "2887"]
[BlackElo "2452"]
[Result "1-0"]
[Round "1"]
[TimeControl "180+1"]
[Date "2023.08.15"]
[WhiteClock "0:00:27"]
[BlackClock "0:00:00"]
[Board "40"]

1. c4 Nf6 2. Nc3 Nc6 3. g3 e5 4. Bg2 Bc5 5. e3 O-O 6. Nge2 Re8 7. O-O d6 8. d4 Bb6 9. Nd5 Nxd5 10. cxd5 Ne7 11. dxe5 dxe5 12. e4 Ng6 13. a4 a5 14. Qb3 h5 15. Be3 Bxe3 16. Qxe3 h4 17. Rac1 hxg3 18. hxg3 Bd7 19. b3 c6 20. Nc3 Qf6 21. dxc6 Bxc6 22. Nd5 Bxd5 23. exd5 Qd6 24. Qc5 Red8 25. Qxd6 Rxd6 26. Rc7 Rb6 27. Rfc1 Rd8 28. R1c3 Kf8 29. Rc8 Rxc8 30. Rxc8+ Ke7 31. Rc7+ Kf6 32. d6 Rxd6 33. Bxb7 Rd3 34. Ba6 Rxb3 35. Bc4 Rb4 36. Rxf7+ Kg5 37. Bb5 Kh6 38. Ra7 e4 39. Rxa5 Ne5 40. Kg2 Nf3 41. Be2 Ne1+ 42. Kf1 Rb1 43. Rd5 Nd3+ 44. Kg2 Ne1+ 45. Kh3 Rb2 46. Bb5 Rxf2 47. a5 Nf3 48. a6 Ra2 49. Bc4 Ra4 50. Bb5 Ra2 51. Kg4 Nh2+ 52. Kf4 e3 53. Kxe3 Ng4+ 54. Kd4 Nf6 55. Re5 Ra3 56. Re3 Ra5 57. Kc5 Nd7+ 58. Kb4 1-0


[Site "https://www.chess.com"]

[Event "Titled Tuesday Blitz August 15 Late 2023"]
[White "KrokerGuy"]
[Black "Galchenko, Matvey"]
[BlackFideId "24175480"]
[WhiteElo "2450"]
[BlackElo "2873"]
[Result "0-1"]
[Round "1"]
[TimeControl "180+1"]
[Date "2023.08.15"]
[WhiteClock "0:00:34"]
[BlackClock "0:01:46"]
[Board "41"]

1. e4 e6 2. d4 d5 3. Nc3 Bb4 4. e5 Ne7 5. a3 Bxc3+ 6. bxc3 c5 7. Qg4 cxd4 8. Bd3 Qa5 9. Ne2 O-O 10. h4 Nbc6 11. Qg3 f5 12. exf6 Rxf6 13. O-O dxc3 14. Bg5 Rf7 15. Nxc3 e5 16. Bxe7 Rxe7 17. Rad1 e4 18. Bb5 Be6 19. Nxd5 Qxb5 20. Nc7 Rxc7 21. Qxc7 Rc8 22. Qd6 Qf5 23. Rb1 b6 24. Rfe1 Ne5 25. Rb5 Nf7 26. Qb4 Qf6 27. Qxe4 Bd7 28. Rb4 h6 29. Rc4 Re8 30. Qxe8+ Bxe8 31. Rxe8+ Kh7 32. g3 Nd6 33. Rc6 Qa1+ 0-1


[Site "https://www.chess.com"]

[Event "Titled Tuesday Blitz August 15 Late 2023"]
[White "Holt, Conrad"]
[Black "Gurevich, Dmitry"]
[WhiteFideId "2034387"]
[BlackFideId "2000407"]
[WhiteElo "2872"]
[BlackElo "2450"]
[Result "1-0"]
[Round "1"]
[TimeControl "180+1"]
[Date "2023.08.15"]
[WhiteClock "0:00:05"]
[BlackClock "0:00:00"]
[Board "42"]

1. d4 d5 2. c4 e6 3. Nc3 a6 4. cxd5 exd5 5. Bf4 Nf6 6. e3 Be6 7. Bd3 Bd6 8. Nge2 O-O 9. Qc2 h6 10. O-O c6 11. Qb3 b5 12. Rfc1 a5 13. Bxd6 Qxd6 14. Nf4 Bd7 15. Nce2 a4 16. Qc2 a3 17. b3 Na6 18. Ng3 Nb4 19. Qd2 Rfe8 20. Rc5 Na6 21. Rc3 g6 22. Rac1 Kg7 23. h3 Nb4 24. Bb1 Ne4 25. Bxe4 dxe4 26. Rc5 Nd5 27. Nxd5 cxd5 28. Ne2 Rec8 29. Nc3 Rxc5 30. dxc5 Qe5 31. Qxd5 Qxd5 32. Nxd5 Bc6 33. Nb4 Rc8 34. Nxc6 Rxc6 35. b4 Kf8 36. Rc3 Ra6 37. c6 Ra8 38. c7 Rc8 39. Kh2 g5 40. Kg3 f5 41. Rc5 Ke7 42. Rxf5 Rxc7 43. Rxb5 Rc2 44. Re5+ Kd6 45. Rxe4 Rxa2 46. Re8 Kc6 47. Ra8 Kb5 48. f4 Kxb4 49. f5 Ra1 50. e4 Re1 51. Kf3 Rf1+ 52. Ke2 Rf4 53. Ke3 Rf1 54. g4 Kb3 55. e5 a2 56. e6 a1=Q 57. Rxa1 Rxa1 58. Kd4 Kb4 59. f6 Rf1 60. f7 Rf6 61. e7 Rxf7 62. e8=Q Rf4+ 63. Ke5 1-0


[Site "https://www.chess.com"]

[Event "Titled Tuesday Blitz August 15 Late 2023"]
[White "Kubatko, Ivan"]
[Black "Cordova, Emilio"]
[WhiteFideId "24111473"]
[BlackFideId "3801497"]
[WhiteElo "2449"]
[BlackElo "2869"]
[Result "0-1"]
[Round "1"]
[TimeControl "180+1"]
[Date "2023.08.15"]
[WhiteClock "0:00:10"]
[BlackClock "0:01:47"]
[Board "43"]

1. e4 c5 2. c3 e6 3. d4 d5 4. exd5 exd5 5. Nf3 Nc6 6. Be3 cxd4 7. Nxd4 Bd6 8. Be2 Nf6 9. O-O O-O 10. Nd2 a6 11. Nxc6 bxc6 12. c4 Re8 13. cxd5 Nxd5 14. Nc4 Bc7 15. Bc5 a5 16. Re1 Ba6 17. Bf1 Rxe1 18. Qxe1 Bxc4 19. Bxc4 Qh4 20. Bxd5 Qxh2+ 21. Kf1 cxd5 22. Rd1 Qh1+ 23. Ke2 Qxg2 24. Kd3 Qg6+ 25. Kd4 h5 26. Qe7 Qg4+ 27. Kd3 Qxd1+ 0-1


[Site "https://www.chess.com"]

[Event "Titled Tuesday Blitz August 15 Late 2023"]
[White "Lysyj, Igor"]
[Black "Eggleston, Thomas A"]
[WhiteFideId "4150120"]
[BlackFideId "412139"]
[WhiteElo "2865"]
[BlackElo "2446"]
[Result "1-0"]
[Round "1"]
[TimeControl "180+1"]
[Date "2023.08.15"]
[WhiteClock "0:00:16"]
[BlackClock "0:00:00"]
[Board "44"]

1. d4 e6 2. c4 f5 3. Nf3 Nf6 4. g3 Be7 5. Bg2 O-O 6. O-O d6 7. b3 Ne4 8. Bb2 Bf6 9. Nbd2 d5 10. Ne5 Nd7 11. Ndf3 c6 12. Nd3 a5 13. Qc2 Re8 14. c5 g5 15. a3 Nf8 16. b4 Ng6 17. Nfe5 g4 18. f3 gxf3 19. exf3 Ng5 20. Qe2 Qe7 21. Bc3 Qg7 22. Kh1 Nf7 23. g4 Nh4 24. Rg1 Kh8 25. Bh3 Ng5 26. gxf5 Qf8 27. Bg4 axb4 28. axb4 Rxa1 29. Bxa1 exf5 30. Bh5 Re7 31. Bc3 Nh3 32. Rg3 f4 33. Rg4 Bxg4 34. Bxg4 Ng5 35. Qa2 Bxe5 36. dxe5 Ngxf3 37. Qf2 d4 38. Bb2 Nxe5 39. Nxe5 Nf5 40. Bxf5 Qxf5 41. Bxd4 Qb1+ 42. Qg1 Qe4+ 43. Nf3+ 1-0


[Site "https://www.chess.com"]

[Event "Titled Tuesday Blitz August 15 Late 2023"]
[White "Delorme, Axel"]
[Black "Kovalev, Vladislav"]
[WhiteFideId "632023"]
[BlackFideId "13504398"]
[WhiteElo "2445"]
[BlackElo "2861"]
[Result "0-1"]
[Round "1"]
[TimeControl "180+1"]
[Date "2023.08.15"]
[WhiteClock "0:00:50"]
[BlackClock "0:02:38"]
[Board "45"]

1. e4 e5 2. Nf3 Nc6 3. Bb5 a6 4. Ba4 Nf6 5. O-O Be7 6. Re1 b5 7. Bb3 d6 8. c3 O-O 9. h3 Be6 10. Bxe6 fxe6 11. Qb3 d5 12. exd5 Nxd5 13. Nxe5 Nxe5 14. Rxe5 Bd6 15. Rxe6 Qh4 16. Re2 c6 17. d4 Rae8 18. Be3 Rxe3 0-1


[Site "https://www.chess.com"]

[Event "Titled Tuesday Blitz August 15 Late 2023"]
[White "Lagarde, Maxime"]
[Black "Tsyhanchuk, Stanislav"]
[WhiteFideId "662399"]
[BlackFideId "13505130"]
[WhiteElo "2857"]
[BlackElo "2444"]
[Result "1-0"]
[Round "1"]
[TimeControl "180+1"]
[Date "2023.08.15"]
[WhiteClock "0:01:10"]
[BlackClock "0:00:03"]
[Board "46"]

1. Nc3 Nf6 2. e4 e5 3. f4 d6 4. fxe5 dxe5 5. Nf3 Nc6 6. Bb5 Bd7 7. O-O Bd6 8. d3 h6 9. Kh1 O-O 10. Bxc6 Bxc6 11. Qe1 Re8 12. Nh4 Bc5 13. Nf5 Kh7 14. Qh4 Ng8 15. Qg3 g6 16. Ne3 Qd7 17. Ned5 f5 18. Qh4 Be7 19. Nxe7 Qxe7 20. Qh3 f4 21. g3 g5 22. Bd2 Nf6 23. gxf4 exf4 24. Rg1 Rad8 25. Rae1 Qd7 26. Qf3 Qd4 27. Rg2 b5 28. h4 b4 29. hxg5 Ng8 30. Ne2 Bxe4 31. Nxd4 Bxf3 32. Nxf3 Rxe1+ 33. Bxe1 Re8 34. Bxb4 hxg5 35. Nxg5+ Kg6 36. Ne4+ Kf5 37. Rg5+ Ke6 38. Kg2 Nf6 39. Rg6 Kf5 40. Rxf6+ Kg4 41. Rg6+ Kh5 42. Rg5+ Kh4 43. Be1# 1-0


[Site "https://www.chess.com"]